 Dungeon Crawl Stone Soup version 0.29-a0-275-g389c0b56f3 (webtiles) character file.

Game seed: 8214442584496091015

53 Ordine the Slasher (level 3, 0/22 HPs)
             Began as a Tengu Warper on Mar 10, 2022.
             Slain by an iguana (1 damage)
             ... on level 2 of the Dungeon.
             The game lasted 00:02:14 (2374 turns).

Ordine the Slasher (Tengu Warper)                   Turns: 2374, Time: 00:02:14

Health: 0/22       AC:  3    Str: 11    XL:     3   Next: 87%
Magic:  7/7        EV: 12    Int: 13    God:
Gold:   114        SH:  0    Dex: 15    Spells: 4/6 levels left

rFire   . . .      SeeInvis .   a - +0 falchion
rCold   . . .      Faith    .   (no shield)
rNeg    . . .      Spirit   .   b - +0 leather armour
rPois   .          Reflect  .   (helmet restricted)
rElec   .          Harm     .   (no cloak)
rCorr   .          Rampage  .   (no gloves)
Will    .....                   (boots unavailable)
Stlth   +.........              (no amulet)
HPRegen 0.07/turn               (no ring)
MPRegen 0.10/turn               (no ring)

@: no status effects
A: beak, talons 3
a: no special abilities


You were on level 2 of the Dungeon.
You visited 1 branch of the dungeon, and saw 2 of its levels.

You collected 114 gold pieces.

Inventory:

Hand Weapons
 a - a +0 falchion (weapon)
Missiles
 d - 6 boomerangs of dispersal (quivered)
Armour
 b - a +0 leather armour (worn)
Scrolls
 c - a scroll of blinking
 j - a scroll of summoning {unknown}
Potions
 e - a potion of invisibility {unknown}
 f - a potion of might {unknown}
 g - 3 potions of curing {unknown}
 h - a potion of attraction {unknown}
 i - a potion of degeneration {unknown}
 k - a potion of resistance {unknown}


   Skills:
 + Level 2.6 Fighting
 * Level 3.5 Long Blades
 + Level 1.9 Throwing
 - Level 1.1 Armour
 - Level 2.1 Dodging
 - Level 2.0 Spellcasting
 - Level 2.4 Translocations


You had 4 spell levels left.
You knew the following spells:

 Your Spells              Type           Power      Damage    Failure   Level
a - Blink                 Tloc           14%        N/A       19%         2

Your spell library contained the following spells:

 Spells                   Type           Power      Damage    Failure   Level
 Pain                     Necr           4%         1d4       32%         1
 Gell's Gravitas          Tloc           7%         N/A       36%         3
 Lesser Beckoning         Tloc           7%         N/A       36%         3
 Teleport Other           Tloc           7%         N/A       36%         3
 Manifold Assault         Tloc           7%         N/A       98%         5
 Agony                    Necr           1%         N/A       100%        5
 Excruciating Wounds      Necr           0%         N/A       100%        5


Dungeon Overview and Level Annotations

Branches:
Dungeon (2/15)

Altars:


Innate Abilities, Weirdness & Mutations

You have a beak for a mouth.
You have claws for feet.


Message History

There is an open door here.
There is an open door here.
You open the door.
An endoplasm comes into view.
There is an open door here.
No target in view!
No target in view!
No target in view!
The endoplasm quivers.
You slash the endoplasm!
You kill the endoplasm!
No target in view!
No target in view!
An iguana comes into view.
Okay, then.
The iguana hisses angrily.
Found a robe.
The iguana barely misses you.
You hit the iguana but do no damage. The iguana completely misses you.
You closely miss the iguana. The iguana bites you!
You hit the iguana. You claw the iguana, but do no damage.
The iguana is lightly wounded.
The iguana bites you!
* * * LOW HITPOINT WARNING * * *
You are too injured to fight recklessly!
You are too injured to fight recklessly!
You are too injured to fight recklessly!
You are too injured to fight recklessly!
No action selected
Press: ? - help, Q - select action, (/) - cycle Dir - look around, f - activate
Okay, then.
Throw: 7 boomerangs (disperse)
Press: ? - help, Q - select action, (/) - cycle Shift-Dir - straight line, f - iguana
Aim: an iguana (lightly wounded, 63% to hit)
You throw a boomerang of dispersal.
The boomerang of dispersal hits the iguana but does no damage.
The iguana is lightly wounded.
The iguana bites you.
* * * LOW HITPOINT WARNING * * *
The iguana bites you.
You die...

..........# ..........#
.#........# .#........#
.......####
###.##.#################
#.#...'..#.. [.#..##.+
###.#..###.##.##.l.##..##
.##.###..#..#..#@.##.#..#
.##.##..###.##...##.#..###
.##.####..#..#..##.#.....#
.##.#
#..###...##.#..#.†###
.##.#
###..#..##.#..#.##..#
###.#
#..#####.#..#.##..### #.#
###..##.#..#.#####..# #.#
#..##.#..#.##..#..### #.#
###..#..#.##..†###..#


You could see an iguana.

Vanquished Creatures
  An adder (D:2)
  A worm (D:2)
  A dart slug (D:1)
  3 ball pythons
  5 endoplasms
  2 goblins (D:1)
  3 hobgoblins (D:2)
  4 jackals (D:1)
  2 quokkas
  3 bats (D:1)
  2 frilled lizards (D:2)
  4 kobolds
  3 rats
34 creatures vanquished.

Vanquished Creatures (others)
  2 plants (D:2)
  2 withered plants (D:2)
4 creatures vanquished.

Grand Total: 38 creatures vanquished

Notes
Turn   | Place    | Note
-------+----------+-------------------------------------------
     0 | D:1      | Ordine the Tengu Warper began the quest for the Orb.
     0 | D:1      | Reached XP level 1. HP: 12/12 MP: 4/4
   175 | D:1      | Reached XP level 2. HP: 17/17 MP: 6/6
   178 | D:1      | Learned a level 2 spell: Blink
   801 | D:1      | Reached skill level 3 in Long Blades
  1218 | D:1      | Reached XP level 3. HP: 22/22 MP: 7/7
  1467 | D:2      | Found a faded altar of an unknown god.
  2374 | D:2      | HP: 1/22 [iguana (4)]
  2374 | D:2      | Slain by an iguana

Illustrated notes

Levels and vault maps discovered:
D:1:      lightli_arrival_quake, layout_basic
D:2:      minmay_razor_zed, layout_basic, shapermc_ecumenical_altar_flowoftime,
          uniq_natasha

Skill      XL: |  1  2 |
---------------+-------+-----
Long Blades    | 3 |  3.5
Fighting       | |  2.6
Throwing       | |  1.9
Armour         | |  1.1
Dodging        | |  2.1
Spellcasting   | |  2.0
Translocations | |  2.4

Action                   || total
-------------------------++-------
Melee: Falchion          ||   105
       Kick              ||    27
       Peck              ||    18
       Punch             ||     1
Throw: Boomerang         ||     1
 Stab: Sleeping          ||     3
Armor: Leather armour    ||    33
Dodge: Dodged            ||    66

Table legend: (Time is in decaauts)
 A = Elapsed time spent in this place.
 B = Non-inter-level travel time spent in this place.
 C = Inter-level travel time spent in this place.
 D = Time resting spent in this place.
 E = Time spent auto-exploring this place.
 F = Levels seen in this place.
 G = Mean time per level.
                   A        B        C        D        E       F      G
               +--------+--------+--------+--------+--------+-----+--------+
         Total |   2389 |   2385 |      4 |      0 |   2134 |   2 | 1194.5 |
       Dungeon |   2389 |   2385 |      4 |      0 |   2134 |   2 | 1194.5 |
               +--------+--------+--------+--------+--------+-----+--------+

Top non-repeatable levels by time:
     D:1: 1348 daAuts
     D:2: 1041 daAuts
